 Dungeon Crawl Stone Soup version 0.26-a0-599-gc8f6553 (webtiles) character file.

Game seed: 17379578723294378250

44913 Hazorath the Geomancer (level 14, 0/88 HPs)
             Began as a Gargoyle Earth Elementalist on Aug 29, 2020.
             Was a High Priest of Okawaru.
             Shot with a bolt by an orc knight (27 damage)
             ... on level 2 of the Orcish Mines.
             The game lasted 01:34:54 (24925 turns).

Hazorath the Geomancer (GrEE)                      Turns: 24925, Time: 01:34:54

Health: 0/88       AC: 20    Str: 12    XL:     14   Next: 30%
Magic:  3/35       EV: 11    Int: 21    God:    Okawaru [*****.]
Gold:   1333       SH: 11    Dex: 10    Spells: 1/30 levels left

rFire    . . .     SeeInvis +   a - +1 whip (venom)
rCold    + . .     Faith    .   w - +0 kite shield
rNeg     + . .     Spirit   .   S - +2 robe {rC+}
rPois    ∞         Reflect  .   N - +2 hat {SInv}
rElec    +         Harm     .   m - +0 cloak {Stlth+}
rCorr    .                      e - +0 pair of gloves
MR       ++...                  I - +0 pair of boots
Stlth    ++........             R - amulet of regeneration
HPRegen  0.64/turn              E - ring of magical power
MPRegen  0.24/turn              Y - ring of protection from magic

@: flying, very slightly contaminated, invisible
A: big wings, negative energy resistance 1, electricity resistance, unbreathing,
petrification resistance, rot immunity, AC +10
a: Stop Flying, Heroism, Finesse, Renounce Religion


You were on level 2 of the Orcish Mines.
You worshipped Okawaru.
Okawaru was extremely pleased with you.
You visited 4 branches of the dungeon, and saw 21 of its levels.

You collected 1788 gold pieces.
You spent 455 gold pieces at shops.

Inventory:

Hand Weapons
 a - a +1 whip of venom (weapon)
 b - a +2 flail of protection
Missiles
 r - 161 bolts
 s - 23 poisoned darts (quivered)
 y - 159 stones
Armour
 e - a +0 pair of gloves (worn)
 m - a +0 cloak of stealth (worn)
 w - a +0 kite shield (worn)
 I - a +0 pair of boots (worn)
 N - a +2 hat of see invisible (worn)
 S - a +2 robe of cold resistance (worn)
 V - the +7 Kryia's mail coat {PotionHeal*2 rC+}
   (Okawaru gifted it to you on level 10 of the Dungeon)

   It protects you from cold.
Jewellery
 g - an uncursed ring of positive energy
 l - an uncursed ring of protection from cold
 E - a ring of magical power (left hand)
 J - an uncursed ring of resist corrosion
 O - an uncursed ring of protection from fire
 R - an amulet of regeneration (around neck)
 U - an uncursed ring of fire
 W - a +6 ring of strength
 Y - a ring of protection from magic (right hand)
Wands
 n - a wand of iceblast (14)
 p - a wand of disintegration (39)
 t - a wand of paralysis (11)
 v - a wand of enslavement (8)
 C - a wand of acid (43)
 K - a wand of digging (3)
 X - a wand of polymorph (5)
Scrolls
 c - a scroll of remove curse
 i - 3 scrolls of fear
 j - 12 scrolls of teleportation
 o - 2 scrolls of enchant armour
 z - 4 scrolls of fog
 B - a scroll of holy word
 D - a scroll of amnesia
 G - 4 scrolls of enchant weapon
 L - 2 scrolls of blinking
 M - 7 scrolls of identify
 T - 3 scrolls of magic mapping
 Z - a scroll of silence
Potions
 d - 9 potions of curing
 f - a potion of haste
 h - 4 potions of brilliance
 k - 2 potions of resistance
 q - 2 potions of stabbing
 u - 2 potions of might
 x - 3 potions of invisibility
 A - 5 potions of mutation
 F - 3 potions of heal wounds
 H - 3 potions of magic
 P - a potion of flight
 Q - a potion of ambrosia


   Skills:
 + Level 10.8 Fighting
 * Level 4.8 Armour
 - Level 1.5 Dodging
 - Level 2.1 Stealth
 * Level 10.7 Shields
 - Level 8.9 Spellcasting
 * Level 12.4 Conjurations
 - Level 0.7 Transmutations
 - Level 1.0 Fire Magic
 * Level 14.3 Earth Magic
 - Level 5.4 Invocations


You had one spell level left.
You knew the following spells:

 Your Spells              Type           Power        Failure   Level
a - Sandblast             Erth           ######       1%          1
b - Stone Arrow           Conj/Erth      ######       1%          3
c - Passwall              Tmut/Erth      #####...     1%          2
d - Lee's Rapid Deconstr  Erth           ######....   1%          5
e - Conjure Flame         Conj/Fire      #####...     2%          3
f - Blink                 Tloc           N/A          19%         2
g - Iron Shot             Conj/Erth      ######....   8%          6
h - Orb of Destruction    Conj           ######....   54%         7

Your spell library contained the following spells:

 Spells                   Type           Power        Failure   Level
 Magic Dart               Conj           ####         1%          1
 Sting                    Tmut/Pois      ##..         11%         1
 Animate Skeleton         Necr           #.....       13%         1
 Freeze                   Ice            #...         13%         1
 Pain                     Necr           #...         13%         1
 Iskenderun's Battlesphe  Conj           ######..     2%          5
 Petrify                  Tmut/Erth      #####...     5%          4
 Leda's Liquefaction      Hex/Erth       #####.....   6%          4
 Mephitic Cloud           Conj/Pois/Air  ####....     7%          3
 Bolt of Magma            Conj/Fire/Erth #####.....   8%          5
 Hailstorm                Conj/Ice       #####...     10%         4
 Call Imp                 Summ           #.......     19%         2
 Poisonous Vapours        Pois/Air       #.....       19%         2
 Slow                     Hex            #.......     19%         2
 Ignite Poison            Fire/Tmut/Pois ##......     30%         3
 Confusing Touch          Hex            #.......     36%         3
 Frozen Ramparts          Ice            #.....       36%         3
 Gell's Gravitas          Tloc           #.........   36%         3
 Lesser Beckoning         Tloc           #.........   36%         3
 Ozocubu's Armour         Ice            #.......     36%         3
 Teleport Other           Tloc           #.......     36%         3
 Vampiric Draining        Necr           #.........   36%         3
 Animate Dead             Necr           #.........   77%         4
 Olgreb's Toxic Radiance  Pois           #.......     77%         4
 Passage of Golubria      Tloc           N/A          77%         4
 Summon Ice Beast         Ice/Summ       #.......     77%         4
 Yara's Violent Unravell  Hex/Tmut       ##........   96%         5
 Agony                    Necr           #.......     98%         5
 Metabolic Englaciation   Hex/Ice        #.........   98%         5
 Spellforged Servitor     Conj/Summ      #####.....   100%        7
 Shatter                  Erth           ######....   100%        9
 Statue Form              Tmut/Erth      Unusable     N/A         6

Dungeon Overview and Level Annotations

Branches:
Dungeon (12/15)            Temple (1/1) D:6            Lair (6/6) D:8
  Swamp (0/4) Lair:4        Snake (0/4) Lair:4        Slime (0/5) Lair:6
    Orc (2/2) D:12
    Elf: Orc:2

Altars:
Ashenzari
Cheibriados
Dithmenos
Elyvilon
Fedhas
Gozag
Hepliaklqana
Kikubaaqudgha
Makhleb
Nemelex Xobeh
Okawaru
Qazlal
Ru
Sif Muna
Trog
Uskayaw
Vehumet
Wu Jian
Xom
Yredelemnul
Zin
The Shining One
Beogh

Shops:
D:6 ?*(   D:9 [   Orc:1 *   Orc:2 =:*

Annotations:
Lair:3 1 exclusion


Innate Abilities, Weirdness & Mutations

You are resistant to torment.
Your stone body is resilient. (AC +10)
You are immune to poison.
Your large and strong wings let you fly indefinitely.
You resist negative energy. (rN+)
You are resistant to electric shocks. (rElec)
You can survive without breathing.
You are immune to petrification.
You are immune to rotting.


Message History

The orc knight shoots a bolt.
The bolt hits you!
* * * LOW HITPOINT WARNING * * *
You hear a splash.
Press: ? - help, v - describe, . - travel
Here: an orc knight, wielding a +0 arbalest and quivering 18 bolts (moderately wounded, strong)
The floor.
You fade into invisibility!
You are very lightly contaminated with residual magic.
Okay, then.
The orc warrior shouts!
An orc wizard comes into view. It is wielding a +2 dagger of venom.
The orc warrior shouts!
The orc wizard shouts!
The troll shouts!
The troll shouts!
The orc warrior shouts!
The orc knight no longer looks unusually strong.
The orc warrior no longer looks unusually strong.
Okay, then.
An orc wizard comes into view. It is wielding a +0 dagger.
The orc knight shoots a bolt.
The bolt hits you!!
You die...

##.(..# #....[##
#############(#(.(###
.....(.......(o(.).......
...........oo.....o..)...
##..##(.##ooT###...##..##
#...(...())≈≈# #≈≈.())...
........))≈≈≈# #≈≈≈......
......o)≈≈≈@## ##≈≈≈≈....
......≈≈≈≈### ###≈≈≈≈
.....≈≈≈≈## #≈≈≈
......())o....∩.
.....o))......∩.
....o≈≈≈≈####...
....).≈≈≈≈ ∩# ........≈≈≈
..........≈


You could see 2 orc knights, a troll, 4 orc warriors, an orc wizard (wandering,
strong) and an orc (wandering, strong).

Vanquished Creatures
  Gastronok (Lair:3)
  Erolcha (Orc:1)
  2 hydras
  A centaur warrior (Orc:2)
  A death yak (Lair:4)
  An orc high priest (D:12)
  Nergalle (Lair:4)
  Pikel (D:6)
  2 orc knights
  A deep elf mage (D:12)
  3 orc sorcerers
  A wolf spider zombie (D:12)
  6 elephants
  3 black mambas
  Maurice (Orc:2)
  6 cane toads
  5 komodo dragons
  2 trolls (Orc:2)
  9 blink frogs
  12 dream sheep
  8 hippogriffs
  Prince Ribbit (D:8)
  A shadow (D:11)
  A wraith (D:12)
  48 yaks
  3 basilisks
  A wyvern (Lair:6)
  Menkaure (D:6)
  Grum (D:10)
  9 wargs
  2 acid dragons
  A naga (Lair:4)
  6 water moccasins
  15 porcupines
  31 orc warriors
  3 sky beasts
  6 ice beasts
  13 ogres
  5 black bears
  A phantom (D:5)
  8 wolves
  13 centaurs
  5 big kobolds
  8 crocodiles
  12 bullfrogs
  A wyvern zombie (D:8)
  A gnoll sergeant (D:6)
  A wyvern skeleton (D:12)
  21 killer bees
  An electric eel (D:9)
  7 howler monkeys
  A lava snake (Lair:3)
  A quasit (D:12)
  18 orc priests
  2 bullfrog skeletons
  4 hounds
  7 jellies
  13 orc wizards
  A centaur skeleton (D:6)
  2 iguanas
  8 worker ants
  A hound zombie (D:9)
  A worker ant zombie (D:11)
  A howler monkey zombie (D:9)
  8 gnolls
  A howler monkey skeleton (D:10)
  10 adders
  A shadow imp (D:8)
  3 white imps
  4 ufetubi
  3 oozes (Lair:6)
  2 adder zombies (D:9)
  2 adder skeletons
  3 worms
  A dart slug (D:1)
  4 leopard geckos
  75 orcs
  6 bats
  4 giant cockroaches
  8 goblins
  6 hobgoblins
  12 jackals
  13 kobolds
  5 quokkas
  2 ball pythons (D:2)
  A jackal skeleton (D:7)
  A leopard gecko skeleton (D:7)
  5 rats
535 creatures vanquished.

Vanquished Creatures (others)
  5 dream sheep (D:4)
  A yak (Lair:6)
  26 fungi
  32 plants
64 creatures vanquished.

Grand Total: 599 creatures vanquished

Notes
Turn   | Place    | Note
-------+----------+-------------------------------------------
     0 | D:1      | Hazorath the Gargoyle Earth Elementalist began the quest
                  | for the Orb.
     0 | D:1      | Reached XP level 1. HP: 10/10 MP: 3/3
   230 | D:1      | Reached XP level 2. HP: 14/16 MP: 1/5
   234 | D:1      | Reached skill level 4 in Earth Magic
   454 | D:1      | Reached skill level 1 in Fighting
   705 | D:1      | Reached XP level 3. HP: 20/20 MP: 4/6
   940 | D:1      | You fall into a shaft and drop 1 floor!
   978 | D:2      | Learned a level 3 spell: Stone Arrow
   981 | D:2      | Learned a level 2 spell: Passwall
  1631 | D:2      | Reached skill level 1 in Conjurations
  1631 | D:2      | Reached XP level 4. HP: 17/26 MP: 7/7
  1745 | D:2      | Found a burning altar of Makhleb.
  2049 | D:3      | Reached skill level 5 in Earth Magic
  2133 | D:3      | Found a shattered altar of Ashenzari.
  2455 | D:4      | Found a shimmering blue altar of Sif Muna.
  2465 | D:4      | Reached XP level 5. HP: 27/30 MP: 7/9
  2748 | D:4      | Noticed an ogre
  2754 | D:4      | Killed an ogre
  2754 | D:4      | Reached XP level 6. HP: 36/36 MP: 6/10
  3184 | D:4      | Reached skill level 6 in Earth Magic
  3307 | D:4      | Noticed a dream sheep
  3307 | D:4      | Noticed a dream sheep
  3307 | D:4      | Noticed a dream sheep
  3307 | D:4      | Noticed a dream sheep
  3307 | D:4      | Noticed a dream sheep
  3307 | D:4      | Found a shimmering altar of Xom.
  3312 | D:4      | Killed a dream sheep
  3312 | D:4      | Killed a dream sheep
  3312 | D:4      | Killed a dream sheep
  3312 | D:4      | Killed a dream sheep
  3313 | D:4      | Killed a dream sheep
  3801 | D:5      | Entered Level 5 of the Dungeon
  3989 | D:5      | Found a shadowy altar of Dithmenos.
  3992 | D:5      | Found a shimmering altar of Xom.
  3994 | D:5      | Found a bloodstained altar of Trog.
  4087 | D:5      | Reached XP level 7. HP: 41/41 MP: 11/11
  4129 | D:5      | Learned a level 5 spell: Lee's Rapid Deconstruction
  5080 | D:6      | Reached skill level 7 in Earth Magic
  5159 | D:6      | Reached skill level 5 in Conjurations
  5159 | D:6      | Reached XP level 8. HP: 34/48 MP: 13/13
  5280 | D:6      | Noticed Pikel
  5312 | D:6      | Killed Pikel
  5312 | D:6      | Reached skill level 8 in Earth Magic
  5411 | D:6      | Found a staircase to the Ecumenical Temple.
  5419 | Temple   | Entered the Ecumenical Temple
  5652 | Temple   | Became a worshipper of Warmaster Okawaru
  5908 | D:6      | Found Walor's Magic Scroll Shop.
  5914 | D:6      | Noticed Menkaure
  5927 | D:6      | Killed Menkaure
  6071 | D:6      | Bought a scroll of fog for 22 gold pieces
  6071 | D:6      | Bought a scroll of teleportation for 33 gold pieces
  6071 | D:6      | Bought a scroll of teleportation for 33 gold pieces
  6079 | D:6      | Reached XP level 9. HP: 53/53 MP: 12/15
  6139 | D:6      | Found Jerosod's General Store.
  6178 | D:6      | Found Ruschulo's Antique Weapon Shop.
  6223 | D:6      | Identified the +6 dagger of the Dove {speed, rElec rPois
                  | Str-4 Dex+2}
  6229 | D:6      | Paralysed by an orc for 2 turns
  6234 | D:6      | Paralysed by an orc for 4 turns
  6621 | D:7      | Reached skill level 5 in Fighting
  6657 | D:7      | Reached skill level 9 in Earth Magic
  6782 | D:7      | Reached * piety under Okawaru
  6782 | D:7      | Reached skill level 5 in Spellcasting
  7413 | D:7      | Reached skill level 10 in Earth Magic
  8120 | D:8      | Found a radiant altar of Vehumet.
  8257 | D:8      | Found a staircase to the Lair.
  8276 | D:8      | Reached ** piety under Okawaru
  8388 | Lair:1   | Entered Level 1 of the Lair of Beasts
  8409 | Lair:1   | Reached XP level 10. HP: 59/61 MP: 18/18
  8491 | Lair:1   | Reached skill level 11 in Earth Magic
  9119 | Lair:1   | Learned a level 3 spell: Conjure Flame
  9122 | Lair:1   | Learned a level 2 spell: Blink
  9338 | Lair:1   | Reached skill level 1 in Fire Magic
  9785 | Lair:2   | Reached *** piety under Okawaru
 10156 | Lair:2   | Reached skill level 1 in Shields
 10285 | Lair:2   | Reached **** piety under Okawaru
 10383 | Lair:2   | Reached XP level 11. HP: 68/68 MP: 21/21
 11467 | Lair:3   | Reached skill level 5 in Shields
 11477 | Lair:3   | Reached ***** piety under Okawaru
 11893 | D:6      | Bought a potion of haste for 110 gold pieces
 11893 | D:6      | Bought a scroll of remove curse for 33 gold pieces
 12077 | Lair:3   | Learned a level 6 spell: Iron Shot
 12084 | Lair:3   | Reached skill level 1 in Invocations
 12354 | Lair:3   | Noticed a death yak
 12355 | Lair:3   | Noticed Gastronok
 12359 | Lair:3   | Noticed a death yak
 12360 | Lair:3   | Noticed a death yak
 12404 | Lair:3   | Noticed a death yak
 12414 | Lair:3   | Noticed a death yak
 12415 | Lair:3   | Noticed a death yak
 12892 | Lair:3   | Noticed a seven-headed hydra
 12901 | Lair:3   | Killed a seven-headed hydra
 12938 | Lair:3   | Killed Gastronok
 12938 | Lair:3   | Received a gift from Okawaru
 13639 | Lair:4   | Reached XP level 12. HP: 74/76 MP: 21/24
 13700 | Lair:4   | Received a gift from Okawaru
 13700 | Lair:4   | Reached skill level 12 in Earth Magic
 13765 | Lair:4   | Found a staircase to the Snake Pit.
 14250 | Lair:4   | Reached skill level 10 in Conjurations
 15159 | Lair:4   | Noticed Nergalle
 15166 | Lair:4   | Killed Nergalle
 15244 | Lair:4   | Found a staircase to the Swamp.
 15786 | Lair:4   | Received a gift from Okawaru
 16985 | Lair:5   | You fall into a shaft and drop 1 floor!
 16985 | Lair:6   | Entered Level 6 of the Lair of Beasts
 16999 | Lair:6   | Found a staircase to the Slime Pits.
 17193 | Lair:5   | Reached skill level 13 in Earth Magic
 17295 | Lair:5   | Reached XP level 13. HP: 78/82 MP: 25/25
 17716 | Lair:5   | Reached skill level 10 in Fighting
 18220 | D:8      | Noticed Prince Ribbit
 18224 | D:8      | Killed Prince Ribbit
 18698 | D:8      | Reached skill level 5 in Invocations
 18963 | D:8      | Found a stormy altar of Qazlal.
 19396 | D:9      | Found Obbeoge's Armour Emporium.
 20079 | D:9      | Learned a level 7 spell: Orb of Destruction
 20467 | D:10     | Entered Level 10 of the Dungeon
 20738 | D:10     | Noticed Grum
 20742 | D:10     | Killed Grum
 21483 | D:10     | Received a gift from Okawaru
 21484 | D:10     | Found the +7 Kryia's mail coat {PotionHeal*2 rC+}
 21703 | D:10     | Found an opulent altar of Gozag.
 22563 | D:12     | Reached skill level 1 in Armour
 22988 | D:12     | Reached skill level 10 in Shields
 23102 | D:12     | Found a staircase to the Orcish Mines.
 23188 | Orc:1    | Entered Level 1 of the Orcish Mines
 23202 | Orc:1    | Noticed an orc warlord
 23349 | D:12     | Reached skill level 14 in Earth Magic
 23581 | D:12     | Gained mutation: Your large and strong wings let you fly
                  | indefinitely. [Gargoyle growth]
 23581 | D:12     | Reached XP level 14. HP: 87/88 MP: 24/26
 23715 | Orc:1    | Paralysed by an orc sorcerer for 6 turns
 24041 | Orc:1    | Noticed Erolcha
 24048 | Orc:1    | Killed Erolcha
 24126 | Orc:1    | Found a roughly hewn altar of Beogh.
 24138 | Orc:1    | Found Udijuwa's General Store.
 24146 | Orc:1    | Bought a scroll of holy word for 112 gold pieces
 24146 | Orc:1    | Bought a scroll of blinking for 112 gold pieces
 24261 | Orc:2    | Entered Level 2 of the Orcish Mines
 24684 | Orc:2    | Received a gift from Okawaru
 24838 | Orc:2    | Found Caeqih's Jewellery Emporium.
 24838 | Orc:2    | Found Obytuypn's Book Shop.
 24838 | Orc:2    | Found Bayggeumn's General Store.
 24859 | Orc:2    | Noticed Maurice
 24912 | Orc:2    | Killed Maurice
 24925 | Orc:2    | Shot with a bolt by an orc knight

Illustrated notes

Levels and vault maps discovered:
D:1:      shiori_arrival_elements, layout_basic, minivault_26
D:2:      layout_loops_ring, makhleb_blood_cavern_becter
D:3:      layout_rooms, overflow_temple_1_default
D:4:      layout_loops_ring, kennysheep_mini, kennysheep_path_1,
          kb_xom_exploding_sheep
D:5:      layout_loops_cross, grunt_temple_overflow_open
D:6:      layout_basic, minmay_temple_entry_mini_moons, serial_shops,
          nicolae_shop_trees, nicolae_shop_overgrown_old_shop, shop, uniq_pikel,
          uniq_menkaure
D:7:      layout_gridville
D:8:      layout_loops_corners, lemuel_coloured_pillars_altar,
          nicolae_overflow_crystal_walls, erik_lair_orcish_takeover,
          kennysheep_generic_room_7, uniq_prince_ribbit1
D:9:      layout_loops_cross, serial_shops, shop, kennysheep_generic_room_2
D:10:     layout_roguey, basic_altar, uniq_grum
D:11:     layout_roguey
D:12:     layout_basic, minmay_orc_entry_guard_dogs, hangedman_ranch
          [blue_anna_fruit_fields]
Temple:   regret_index_temple_generic_petals
Lair:1:   layout_loops_ring, minivault_19, grunt_megastairs_4
Lair:2:   layout_cave_pods, beast_lair_carwin_6
Lair:3:   layout_gridlike, uniq_gastronok
Lair:4:   layout_regular_city, swamp_mist, guppyfry_snake_entry_island,
          uniq_nergalle
Lair:5:   layout_hall_layers, st_stairs_3
Lair:6:   hangedman_lair_caniforms_friends, layout_concentric_octagons,
          hangedman_lair_in_review, nicolae_slime_entry_slimehenge,
          cheibrodos_lair_lostbears, infiniplex_staircase_pool
Orc:1:    layout_caves, basic_altar, serial_shops, shop, uniq_erolcha
Orc:2:    st_orc_rangers, layout_diamond_mine, uniq_maurice

Skill      XL: |  1  2  3  4  5  6  7  8  9 10 11 12 13 14 |
---------------+-------------------------------------------+-----
Earth Magic    | 4 5 6 7 8 10 11 13 14 | 14.3
Fighting       | 1 2 3 4 6 8 9 10 | 10.8
Conjurations   | 1 2 3 5 6 8 9 10 12 | 12.4
Spellcasting   | 3 4 5 7 8 |  8.9
Fire Magic     | 1 |  1.0
Shields        | 3 6 8 10 | 10.7
Invocations    | 2 4 5 |  5.4
Armour         | 3 4 |  4.8
Dodging        | |  1.5
Stealth        | |  2.1
Transmutations | |  0.7

Action                   |  1- 3 |  4- 6 |  7- 9 | 10-12 | 13-15 || total
-------------------------+-------+-------+-------+-------+-------++-------
Melee: Hand axe          |    88 |       |       |       |       ||    88
       Unarmed           |     6 |       |       |       |       ||     6
       Whip              |    11 |   146 |   228 |   217 |   442 ||  1044
       Flail             |       |       |    22 |    38 |   162 ||   222
Throw: Dart              |       |     3 |       |    12 |    21 ||    36
 Cast: Sandblast         |    14 |    38 |    56 |    77 |    72 ||   257
       Stone Arrow       |       |       |     5 |    58 |    59 ||   122
       Passwall          |       |       |     1 |       |     1 ||     2
       Lee's Rapid Decon |       |       |       |    57 |    66 ||   123
       Conjure Flame     |       |       |       |     2 |     7 ||     9
       Iron Shot         |       |       |       |       |     2 ||     2
Invok: Heroism           |       |       |       |     4 |     2 ||     6
 Abil: Fly               |       |       |       |       |     1 ||     1
Evoke: Wand              |       |       |       |       |    13 ||    13
  Use: Scroll            |     4 |     9 |     3 |    11 |     5 ||    32
       Potion            |       |     1 |       |     1 |     1 ||     3
 Stab: Sleeping          |     5 |     2 |     1 |     1 |     6 ||    15
Armor: Robe              |    41 |       |       |   114 |   428 ||   583
       Skin              |     1 |     5 |       |       |       ||     6
       Leather armour    |       |    82 |   171 |   133 |       ||   386
Dodge: Dodged            |    96 |   111 |   158 |   286 |   461 ||  1112
Block: Kite shield       |       |       |       |       |   352 ||   352

Table legend: (Time is in decaauts)
 A = Elapsed time spent in this place.
 B = Non-inter-level travel time spent in this place.
 C = Inter-level travel time spent in this place.
 D = Time resting spent in this place.
 E = Time spent auto-exploring this place.
 F = Levels seen in this place.
 G = Mean time per level.
                   A        B        C        D        E       F      G
               +--------+--------+--------+--------+--------+-----+--------+
         Total |  25150 |  24091 |   1059 |   5478 |  13725 |  21 | 1197.6 |
       Dungeon |  13929 |  13421 |    508 |   1979 |   8482 |  12 | 1160.8 |
        Temple |    250 |    200 |     50 |      0 |    199 |   1 |  250.0 |
          Lair |   9706 |   9231 |    475 |   3214 |   4544 |   6 | 1617.7 |
  Orcish Mines |   1264 |   1239 |     25 |    285 |    500 |   2 |  632.0 |
               +--------+--------+--------+--------+--------+-----+--------+

Top non-repeatable levels by time:
  Lair:4: 3653 daAuts
  Lair:2: 1839 daAuts
  Lair:3: 1646 daAuts
     D:4: 1614 daAuts
     D:6: 1571 daAuts
     D:8: 1484 daAuts
  Lair:1: 1474 daAuts
     D:7: 1438 daAuts
    D:10: 1328 daAuts
    D:12: 1277 daAuts
     D:9: 1259 daAuts
     D:2: 1098 daAuts
     D:5: 1042 daAuts
     D:1: 997 daAuts
  Lair:5: 988 daAuts
